 Dungeon Crawl Stone Soup version 0.31.0-11-ge490571c62 (webtiles) character file.

Game seed: 471230055537827360

51 Esekla the Grasshopper (level 3, 0/19 HPs)
             Began as a Vine Stalker Warper on Feb 1, 2024.
             Slain by an iguana (7 damage)
             ... on level 5 of the Dungeon.
             The game lasted 00:07:18 (721 turns).

Esekla the Grasshopper (Vine Stalker Warper)         Turns: 721, Time: 00:07:18

Health: 0/19       AC:  4    Str: 13    XL:     3   Next: 81%
Magic:  0/7        EV: 11    Int: 15    God:
Gold:   85         SH:  0    Dex: 13    Spells: 5/7 levels left

rFire   . . .        a - +0 falchion
rCold   . . .        (no shield)
rNeg    . . .        b - +0 leather armour
rPois   .            (no helmet)
rElec   .            e - +0 cloak
rCorr   .            (no gloves)
SInv    +            (no boots)
Will    .....        (no amulet)
Stlth   ++           n - ring of see invisible
HPRegen 1.03/turn    (no ring)
MPRegen 0.10/turn

%: guardian spirit
@: no status effects
A: fangs 2, regeneration 1, magic shield, antimagic bite, no potion heal 2
a: no special abilities


You were on level 5 of the Dungeon.
You visited 1 branch of the dungeon, and saw 5 of its levels.

You collected 85 gold pieces.

Inventory:

Hand Weapons
 a - a +0 falchion (weapon)
 v - a +2 dagger of venom
Missiles
 d - 7 darts of dispersal (quivered)
Armour
 b - a +0 leather armour (worn)
 e - a +0 cloak (worn)
Jewellery
 n - a ring of see invisible (left hand)
Scrolls
 c - a scroll of blinking
 f - a scroll of fear {unknown}
 g - a scroll of enchant weapon {unknown}
 h - a scroll of teleportation {unknown}
 l - a scroll of fog {unknown}
 m - a scroll of identify {unknown}
 o - a scroll of vulnerability {unknown}
Potions
 i - 2 potions of ambrosia {unknown}
 j - a potion of curing {unknown}
 k - 2 potions of degeneration {unknown}


   Skills:
 * Level 2.3 Fighting
 + Level 0.2(1.1) Short Blades
 + Level 1.9 Long Blades
 + Level 0.8 Throwing
 - Level 0.7 Armour
 + Level 1.9 Dodging
 + Level 1.4 Stealth
 * Level 2.5 Spellcasting
 + Level 3.4 Translocations


You had 5 spell levels left.
You knew the following spells:

 Your Spells              Type           Power      Damage    Failure   Level
b - Blink                 Tloc           24%        N/A       10%         2

Your spell library contained the following spells:

 Spells                   Type           Power      Damage    Failure   Level
 Lesser Beckoning         Tloc           24%        N/A       10%         2
 Teleport Other           Tloc           12%        N/A       21%         3
 Manifold Assault         Tloc           12%        N/A       54%         4
 Vhi's Electric Charge    Tloc/Air       14%        N/A       78%         4


Dungeon Overview and Level Annotations

Branches:
Dungeon (5/15)
 Temple: D:4-7

Altars:

Shops:
D:2 :

Annotations:
D:2 Sigmund
D:3 Natasha


Innate Abilities, Weirdness & Mutations

You have extremely sharp teeth.
Your natural rate of healing is unusually fast.
When hurt, damage is shared between your health and your magic reserves.
Your bite disrupts and absorbs the magic of your enemies.
Potions cannot restore your health.


Message History

i - 2 silvery potions (gained 1)
The orc shouts!
The orc shouts!
An orc comes into view. It is wielding a +0 whip.
An iguana comes into view.
The iguana hisses angrily.
The iguana bites you.
You closely miss the iguana. Your bite misses the iguana.
The iguana hisses menacingly.
The iguana bites you but does no damage.
You hit the iguana.
The iguana is poisoned.
The iguana is lightly wounded.
The iguana bites you.
You barely miss the iguana.
The iguana is lightly wounded.
You hit the iguana but do no damage.
The iguana looks as sick as possible!
Your bite misses the iguana.
The iguana is lightly wounded.
The iguana bites you.
You hit the orc.
The orc is poisoned.
You bite the orc. You drain its power.
You feel invigorated.
The orc is moderately wounded.
The iguana bites you but does no damage.
The orc hits you with a +0 whip.
Your +2 dagger of venom stops dripping with poison.
a - a +0 falchion (weapon)
The iguana barely misses you. The orc closely misses you.
You closely miss the iguana. Your bite misses the iguana.
The iguana is heavily wounded.
The iguana closely misses you. The orc misses you.
You barely miss the iguana.
The orc shouts!
You bite the iguana, but do no damage.
The iguana is severely wounded.
The iguana bites you! The orc hits you with a +0 whip.
* * * LOW HITPOINT WARNING * * *
You hit the iguana but do no damage.
The iguana is severely wounded.
The iguana bites you!
You die...

##########
###......l@#
.....#####o#
#..#####o#######
##.......oo..ooo.
#
#......####.###.o
#.##..##### .#
#.....# # #.....#
#...#.#


You could see an iguana (very poisoned) and 4 orcs.

Vanquished Creatures
  3 adders (D:3)
  3 orcs
  2 endoplasms (D:2)
  A goblin (D:1)
  3 hobgoblins (D:2)
  2 quokkas
  2 bats
  4 frilled lizards
  2 rats (D:2)
22 creatures vanquished.

Notes
Turn   | Place    | Note
-------+----------+-------------------------------------------
     0 | D:1      | Esekla the Vine Stalker Warper began the quest for the Orb.
     0 | D:1      | Reached XP level 1. HP: 11/11 MP: 4/4
   193 | D:1      | Reached XP level 2. HP: 15/15 MP: 6/6
   211 | D:2      | Learned a level 2 spell: Blink
   261 | D:2      | Noticed Sigmund
   311 | D:3      | Reached skill level 1 in Stealth
   311 | D:3      | Reached XP level 3. HP: 18/18 MP: 4/7
   435 | D:2      | Found Kakeisim's Book Shop.
   539 | D:3      | Noticed Natasha
   689 | D:5      | Entered Level 5 of the Dungeon
   721 | D:5      | Slain by an iguana

Illustrated notes

Levels and vault maps discovered:
D:1:      dpeg_arrival_windows_large_door, layout_rooms
D:2:      layout_loops_ring, serial_shops, shop, minmay_misc_feat_square,
          mrwooster_statue_mirror, minmay_misc_feat_four_crosses,
          kennysheep_generic_room_11, uniq_crazy_yiuf_cottage, uniq_sigmund
D:3:      layout_rooms, uniq_natasha, uniq_jessica
D:4:      gammafunk_steamed_eel, layout_cave_pools,
          minmay_temple_entry_stoned_glass
D:5:      layout_loops_ring

Skill      XL: |  1  2 |
---------------+-------+-----
Fighting       | 2 |  2.3
Stealth        | 1 |  1.4
Short Blades   | |  0.2
Long Blades    | |  1.9
Throwing       | |  0.8
Armour         | |  0.7
Dodging        | |  1.9
Spellcasting   | |  2.5
Translocations | |  3.4

Action                     || total
---------------------------++-------
  Melee: Dagger            ||    57
         Falchion          ||    10
         Bite              ||    11
         Punch             ||     2
   Stab: Sleeping          ||     2
 Armour: Leather armour    ||    33
  Dodge: Dodged            ||    39
